Unix NetHack Version 5.0.0-0 post-release - last build May  4 2026 22:22:43 (774f63e81ad911689b3a0859ea89b322d5daca8d,branch:main).

Game began 2026-05-08 13:14:18, ended 2026-05-08 13:28:06.

BilldaCat, neutral male human Wizard

                                                             ---   ----
                                                             ..     ..
                                                            -.---+--.-
                                                      ---  |..| ..|-.|
                                                     |..---|..---.-..---
                                                  --+-.....-.--........--+-
                |....                            -......--................|
                |.....                           .......-|..--------|--  --
                .....---                         ...{....|--|.@B....@.|
                 ......|               ---|.|    -.......|  |![.?%fh.%|
                   ...--              ...-|.|------....--|  -----------
          ---.    ...--   ..|    |.. --...|.--..|...|....|------
         ....... |..--    ..|   ....--....|.....%..---...-|..((|
         ....... ....*-.---.-----..-|..........--....|-...-.(((|
         ...{... ----...........*...|...G....)..|-...|...-|.(((|
         .......    --+--.---------.........--..|........|------
         .....          |.|.(((|  --.......------...|....|
          ..--          |.-.(!(|   ---...---      ..|...--
                        --|..((|      -             --..
                          ------
BilldaCat the Thaumaturge  St:7 Dx:14 Co:12 In:18 Wi:5 Ch:14  Neutral
Dlvl:8  $:0  HP:2(50) Pw:3(57) AC:7  Xp:6 T:1955 

Latest messages:
 You miss the snake.
 The snake bites!
 You miss the snake.
 The snake bites!
 You miss the snake.
 The snake bites!
 The snake bites!
 You kill the snake!
 What do you want to drink? [gtyBH or ?*] ?
 Yecch!  This stuff tastes like poison.
 Your judgement is impaired.
 Your kitten eats a tripe ration.
 The dwarf shoots an arrow!
 The arrow misses the kitten.
 You are hit by an arrow.
 You stop waiting.
 The kitten picks up an arrow.
 The kitten drops an arrow.
 The dwarf wields a thonged club!
 The dwarf secures the tether on the thonged club.
 You stop waiting.
 You see here a candy bar (for sale, 10 zorkmids).
 The kitten misses the dwarf.
 The kitten misses the dwarf.
 The kitten misses the dwarf.
 The kitten misses the dwarf.
 The kitten misses the dwarf.
 The kitten misses the dwarf.
 You see here a dark potion (for sale, 200 zorkmids).
 The kitten misses the dwarf.
 In what direction? 6
 The spell misses the vampire bat.
 The spell misses Chicoutimi.
 Chicoutimi gets angry!
 The kitten misses the dwarf.
 Chicoutimi zaps a platinum wand!
 The magic missile misses the vampire bat.
 The magic missile whizzes by you!
 The magic missile bounces!
 The magic missile whizzes by you!
 The magic missile misses the vampire bat.
 The vampire bat bites!
 The vampire bat bites again!
 The kitten bites the dwarf.
 The dwarf swings her thonged club at the kitten.
 The dwarf hits the kitten.
 Really quit without saving? [yn] (n) y
 Chicoutimi comes and takes all your possessions.
 Do you want to see what you had when you quit? [ynq] (y) y
 Do you want to see your attributes? [ynq] (y) q

Inventory:
 Amulets  ('"')
  L - an uncursed amulet of guarding (being worn)
 Weapons  (')')
  a - a blessed +1 quarterstaff (weapon in hands)
 Armor    ('[')
  b - an uncursed +0 cloak of magic resistance (being worn)
 Comestibles  ('%')
  K - an uncursed cram ration
 Scrolls  ('?')
  S - an uncursed scroll of create monster
  D - an uncursed scroll of earth
  i - an uncursed scroll of enchant armor
  E - a blessed scroll of enchant weapon
  M - an uncursed scroll of fire
  Q - an uncursed scroll of identify
  j - an uncursed scroll of stinking cloud
  C - an uncursed scroll of teleportation
 Spellbooks  ('+')
  x - an uncursed spellbook of magic mapping
 Potions  ('!')
  g - an uncursed potion of gain ability
  t - an uncursed potion of levitation
  y - an uncursed potion of sickness
  H - a potion of holy water
  B - an uncursed potion of water
 Rings    ('=')
  d - an uncursed ring of polymorph
  e - an uncursed ring of protection from shape changers
  p - a cursed ring of see invisible
 Wands    ('/')
  c - a wand of cold (0:2)
  F - a wand of digging (0:1)
 Tools    ('(')
  R - an uncursed brass lantern (lit)
  n - a magic marker (0:21)
  w - an uncursed magic whistle
  k - an uncursed skeleton key
 Gems/Stones  ('*')
  P - 2 uncursed flint stones

BilldaCat the Wizard's attributes:

Background:
 You were a Thaumaturge, a level 6 male human Wizard.
 You were neutral, on a mission for Thoth
 who was opposed by Ptah (lawful) and Anhur (chaotic).
 You were right-handed.
 You were in the Gnomish Mines, on level 8.
 You entered the dungeon 1955 turns ago.
 You had 504 experience points, 136 more were needed to attain level 7.

Basics:
 You had 2 out of 50 hit points.
 You had 3 out of 57 energy points (spell power).
 Your armor class was 7.
 Your wallet was empty.
 Autopickup was on, but temporarily disabled while inside the shop.

Final Characteristics:
 Your strength was 7 (peak:9, limit:18/100).
 Your dexterity was 14 (limit:18).
 Your constitution was 12 (limit:18).
 Your intelligence was 18 (limit:18).
 Your wisdom was 5 (peak:10, limit:18).
 Your charisma was 14 (limit:18).

Final Status:
 You weren't hungry.
 You were unencumbered.
 You were wielding a quarterstaff.
 You had basic skill with quarterstaff.

Final Attributes:
 You were haltingly aligned.
 You were magic-protected.
 You had a small defense bonus (+2).
 You were protected.
 You were unlucky.
 You survived.

Miscellaneous:
 You didn't encounter any bones levels.
 Total elapsed playing time was 13 minutes and 48 seconds.

Major events:
 Turn
    1: BilldaCat the neutral male human Wizard entered the dungeon
  602: attained the rank of Conjurer (level 3)
 1426: entered the Gnomish Mines
 1745: reached Mine Town
 1815: attained the rank of Thaumaturge (level 6)
 1955: quit

Spells:
 Name                 Level Category     Fail Retention
 force bolt             1   attack         0%  91%-100%
 cure sickness          3   healing       71%  76%-100%

Skills:
 Fighting Skills
   bare handed combat [Unskilled]
   riding             [Unskilled]
 Weapon Skills
   dagger             [Unskilled]
   knife              [Unskilled]
   axe                [Unskilled]
   short sword        [Unskilled]
   club               [Unskilled]
   mace               [Unskilled]
   quarterstaff       [Basic]
   polearms           [Unskilled]
   spear              [Unskilled]
   trident            [Unskilled]
   sling              [Unskilled]
   dart               [Unskilled]
   shuriken           [Unskilled]
 Spellcasting Skills
   attack spells      [Basic]
   healing spells     [Unskilled]
   divination spells  [Unskilled]
   enchantment spells [Basic]
   clerical spells    [Unskilled]
   escape spells      [Unskilled]
   matter spells      [Unskilled]

Voluntary challenges:
 Character rerolling was not enabled.
 You never genocided any monsters.
 You never polymorphed an object.
 You never changed form.
 You used no wishes.
Achievements:
 You entered a shop.
 You attained the rank of Conjurer.
 You entered the Gnomish Mines.
 You entered Minetown.
 You attained the rank of Thaumaturge.

 The Dungeons of Doom: levels 1 to 5
    Level 1:
       Some altars, a fountain.
    Level 2:
       A general store, a fountain.
    Level 3:
       A potion shop.
    Level 4:
       A general store.
       Stairs down to The Gnomish Mines.
    Level 5:
 The Gnomish Mines: levels 5 to 8
    Level 5:
    Level 6:
    Level 7:
    Level 8: <- You were here.
       Many shops, some fountains.


Vanquished creatures:
  a small mimic
  a watchman
  a wolf
  a giant spider
  a snake
  4 gnome leaders
  a gnomish wizard
  2 dwarves
 an iguana
  2 coyotes
  2 hobbits
  a large kobold
  a hobgoblin
 18 gnomes
  2 geckos
  2 jackals
  3 kobolds
  a goblin
  2 sewer rats
  3 grid bugs
  3 lichens
  5 newts
58 creatures vanquished.

No species were genocided or became extinct.

Goodbye BilldaCat the Wizard...

You quit in The Gnomish Mines on dungeon level 8 with 2396 points,
and 0 pieces of gold, after 1955 moves.
You were level 6 with a maximum of 50 hit points when you quit.

